 Dungeon Crawl Stone Soup version 0.28-a0-43-g560ac104fe (webtiles) character file.

Game seed: 10424101365310749702

9523 Lekart the Nimble (level 11, 0/90 HPs)
             Began as a White Draconian Chaos Knight on July 27, 2021.
             Was a Plaything of Xom.
             Slain by a wyvern zombie (3 damage)
             ... on level 8 of the Dungeon on July 28, 2021.
             The game lasted 00:24:16 (11762 turns).

Lekart the Nimble (White Draconian Chaos Knight)   Turns: 11762, Time: 00:24:17

Health: 0/90       AC:  8    Str: 19      XL:     11   Next: 24%
Magic:  12/12      EV: 19    Int: 11 (12) God:    Xom [..*...]
Gold:   461        SH:  0    Dex:  9 (10) Spells: 9/11 levels left

rFire   . . .      SeeInvis .   m - +4 spear (flame)
rCold   + + .      Faith    .   (no shield)
rNeg    . . .      Spirit   .   (armour unavailable)
rPois   +          Reflect  .   (helmet restricted)
rElec   .          Harm     .   p - +0 cloak
rCorr   .          Rampage  .   (no gloves)
Will    +....                   (no boots)
Stlth   +.........              (no amulet)
HPRegen 0.25/turn               d - +4 ring of evasion
MPRegen 0.13/turn               (no ring)

@: about to teleport
A: breathe frost, AC +7, unfitting armour, cold resistance 2, cold-blooded,
horns 2, stinger 2, talons 1, deterioration 1, frail 1, strong-willed 1, passive
freeze, poison resistance, subdued magic 1, MP-powered wands, noise suppression
a: Breathe Frost, Renounce Religion


You were on level 8 of the Dungeon.
You worshipped Xom.
You were a toy of Xom.
You visited 2 branches of the dungeon, and saw 9 of its levels.
You also visited: Bailey.

You collected 461 gold pieces.

Inventory:

Hand Weapons
 a - a +0 falchion of chaos
 b - a +2 whip of electrocution
 m - a +4 spear of flaming (weapon)
Armour
 o - a +0 ring mail
 p - a +0 cloak (worn)
Jewellery
 d - a +4 ring of evasion (left hand)
 h - a ring of willpower
 i - a ring of ice
 r - a ring of protection from fire
Wands
 c - a wand of digging (4)
Scrolls
 e - 4 scrolls of blinking
 f - 2 scrolls of teleportation
 g - a scroll of summoning
 k - 3 scrolls of fog
 l - 2 scrolls of enchant armour {unknown}
Potions
 j - 2 potions of curing
 n - 2 potions of attraction
Miscellaneous
 q - a condenser vane (inert)


   Skills:
 * Level 10.2 Fighting
 + Level 3.5 Long Blades
 + Level 7.0 Maces & Flails
 + Level 6.8 Polearms
 + Level 11.1 Dodging
 + Level 0.6 Spellcasting
 + Level 1.8 Evocations


You had 9 spell levels left.
You knew the following spells:

 Your Spells              Type           Power      Damage    Failure   Level
a - Wereblood             Tmut           0%         N/A       41%         2

Your spell library contained the following spells:

 Spells                   Type           Power      Damage    Failure   Level
 Foxfire                  Conj/Fire      0%         2x1d4     28%         1
 Sublimation of Blood     Necr           0%         N/A       41%         2
 Conjure Flame            Conj/Fire      0%         6-21      65%         3
 Inner Flame              Hex/Fire       0%         N/A       65%         3
 Tukima's Dance           Hex            0%         N/A       65%         3
 Passage of Golubria      Tloc           N/A        N/A       96%         4
 Yara's Violent Unravell  Hex/Tmut       0%         3d3       100%        5
 Summon Hydra             Summ           0%         N/A       100%        7


Dungeon Overview and Level Annotations

Branches:
Dungeon (8/15)             Temple (1/1) D:4          Bailey (visited)
   Lair: D:8-11

Altars:
Ashenzari
Cheibriados
Dithmenos
Elyvilon
Fedhas
Gozag
Hepliaklqana
Kikubaaqudgha
Makhleb
Nemelex Xobeh
Okawaru
Qazlal
Ru
Sif Muna
Trog
Uskayaw
Vehumet
Wu Jian
Xom
Yredelemnul
Zin

Shops:
D:1 [=   D:3 [   D:4 (

Annotations:
D:7 2 runed translucent doors, Tutankhamun's ghost, novice TrBe


Innate Abilities, Weirdness & Mutations

You can breathe waves of freezing cold which knock back foes.
Your icy white scales are hard. (AC +7)
You cannot fit into any form of body armour.
Your flesh is very cold resistant. (rC++)
You are cold-blooded and may be slowed by cold attacks.
You have a pair of horns on your head.
Your tail ends in a sharp poisonous barb.
You have sharp toenails.
Your body sometimes deteriorates upon taking damage.
You are frail. (-10% HP)
You are strong-willed. (Will+)
A frigid envelope surrounds you and freezes all who hurt you.
Your system is resistant to poisons. (rPois)
Your spells are a little easier to cast, but a little less powerful.
You expend magic power (3 MP) to strengthen your wands.
You passively dampen the noise of your surroundings.


Message History

The howler monkey barely misses you. The orc wizard completely misses you.
The orc priest barely misses you. The orc warrior misses you.
You barely miss the wyvern zombie.
The orc wizard casts a spell.
The orc wizard flickers and vanishes!
Deactivating autopickup; reactivate with Ctrl-A.
Your centaur zombie hits the howler monkey.
Your centaur zombie barely misses the howler monkey.
The wyvern zombie completely misses you.
Your hornet zombie hits the orc warrior.
The yak misses you. The howler monkey barely misses you.
You barely miss the wyvern zombie. You headbutt the wyvern zombie.
The wyvern zombie is lightly damaged.
The orc wizard hits you but does no damage.
The orc wizard is very cold.
The orc wizard is moderately wounded.
The orc priest calls upon Beogh to heal the orc warrior.
The orc warrior's wounds heal themselves!
The wyvern zombie bites you!
* * * LOW HITPOINT WARNING * * *
The wyvern zombie resists.
The wyvern zombie is very cold.
The wyvern zombie is lightly damaged.
Your hornet zombie misses the orc warrior.
Your centaur zombie hits the howler monkey but does no damage.
Your centaur zombie completely misses the howler monkey.
The orc warrior hits you with a +0 dire flail!
* * * LOW HITPOINT WARNING * * *
The orc warrior is very cold.
The orc warrior is lightly wounded.
Something hits you but does no damage. The yak closely misses you.
The howler monkey misses you.
You puncture the wyvern zombie! You burn the wyvern zombie.
You claw the wyvern zombie.
The wyvern zombie is heavily damaged.
Your hornet zombie hits the orc warrior but does no damage.
Your centaur zombie closely misses the howler monkey.
Your centaur zombie kicks the howler monkey.
The wyvern zombie bites you.
You die...
Xom laughs nastily!

##### #####
##....#+#....##
##....#...#....#
#....#.....#....
#...#Yo8.8..#..
#.h@Z.....#
#Zoo{.....#
#.Z8...8..#
#.........#
#.........#
.#..8.8..#..
...#.....#...
#....#.=.#...


You could see a yak, an orc warrior (ally target), a howler monkey (ally
target), an orc priest, an orc wizard, a wyvern zombie, a friendly hornet zombie
(summoned) and a friendly centaur zombie (summoned).

Vanquished Creatures
  Harold (D:7)
  An ugly thing (D:8)
  A hornet (D:8)
  A wyvern (D:8)
  Sigmund (D:3)
  4 yaks (D:8)
  Duvessa (D:5)
  Purgy (D:3)
  10 orc warriors
  2 sky beasts
  An ogre (D:5)
  9 centaurs
  A bullfrog (D:6)
  A gnoll sergeant (D:5)
  Blork the orc (D:5)
  2 water moccasin zombies
  3 scorpions (D:6)
  Dowan (D:5)
  A water moccasin skeleton (D:5)
  5 wights
  2 bullfrog zombies (D:6)
  A jelly (D:5)
  An orc priest (D:4)
  A hound (D:7)
  A bullfrog skeleton (D:6)
  4 iguanas
  4 orc wizards (D:5)
  A howler monkey zombie (D:7)
  8 gnolls
  6 adders
  2 shadow imps
  4 ufetubi
  2 worms
  4 dart slugs
  35 orcs
  4 ball pythons
  A bat (D:1)
  2 endoplasms
  A giant cockroach (D:3)
  7 goblins
  3 hobgoblins
  8 jackals
  5 kobolds
  A quokka (D:1)
  2 frilled lizards
  3 rats
161 creatures vanquished.

Vanquished Creatures (collateral kills)
  A two-headed ogre (D:8)
  2 orcs
3 creatures vanquished.

Vanquished Creatures (others)
  An orc warrior (Bailey)
  A gnoll (D:5)
  3 plants (D:5)
5 creatures vanquished.

Grand Total: 169 creatures vanquished

Notes
Turn   | Place    | Note
-------+----------+-------------------------------------------
     0 | D:1      | Lekart the Draconian Chaos Knight began the quest for the
                  | Orb.
     0 | D:1      | Reached XP level 1. HP: 19/19 MP: 1/1
     8 | D:1      | XOM: silly message
    75 | D:1      | Found Yklid's Jewellery Emporium.
    80 | D:1      | Reached XP level 2. HP: 27/27 MP: 2/2
   187 | D:1      | XOM: silly message
   193 | D:1      | Found a faded altar of an unknown god.
   222 | D:1      | Found Kierytt's Armour Shoppe.
   482 | D:1      | XOM: silly message
   819 | D:1      | XOM: cloud trail
   953 | D:2      | XOM: noise
   959 | D:2      | Reached XP level 3. HP: 33/33 MP: 3/3
   964 | D:2      | You fall into a shaft and drop 1 floor!
   967 | D:3      | XOM: silly message
  1065 | D:3      | Reached skill level 1 in Maces & Flails
  1147 | D:3      | Noticed a sky beast
  1163 | D:3      | Killed a sky beast
  1164 | D:3      | Reached XP level 4. HP: 33/41 MP: 4/4
  1191 | D:2      | Reached XP level 5. HP: 39/47 MP: 5/5
  1403 | D:2      | XOM: silly message
  2076 | D:2      | XOM: divination: detect creatures
  2234 | D:2      | XOM: silly message
  2235 | D:2      | Gained mutation: Your body sometimes deteriorates upon
                  | taking damage. [potion of mutation]
  2271 | D:3      | Found Zoujedgh's Armour Shop.
  2447 | D:3      | Noticed Sigmund
  2461 | D:3      | Killed Sigmund
  2462 | D:3      | Reached skill level 5 in Fighting
  2462 | D:3      | Reached skill level 3 in Dodging
  2462 | D:3      | Reached XP level 6. HP: 55/56 MP: 6/6
  2513 | D:3      | Noticed Purgy
  2522 | D:3      | Killed Purgy
  2952 | D:4      | XOM is BORED!
  2952 | D:4      | XOM: enchant monster (bad)
  3097 | D:4      | XOM: silly message
  3101 | D:4      | XOM: cast spell 'Cause Fear'
  3171 | D:4      | XOM: cast spell 'Leda's Liquefaction'
  3285 | D:4      | XOM: silly message
  3374 | D:4      | Found Jaorph's Antique Weapon Emporium.
  3402 | D:4      | Found a staircase to the Ecumenical Temple.
  3478 | D:4      | XOM: cloud trail
  3643 | D:5      | Entered Level 5 of the Dungeon
  3643 | D:5      | Found a sparkling altar of Nemelex Xobeh.
  3700 | D:5      | Found a sacrificial altar of Ru.
  3713 | D:5      | XOM: noise
  3714 | D:5      | XOM: noise
  3723 | D:5      | Your scales start taking on an icy white colour.
  3723 | D:5      | Reached XP level 7. HP: 52/62 MP: 7/7
  3723 | D:5      | Gained mutation: Your flesh is cold resistant. (rC+) [White
                  | Draconian growth]
  3754 | D:5      | Reached skill level 5 in Maces & Flails
  3842 | D:5      | Learned a level 2 spell: Wereblood
  3882 | D:5      | XOM: noise
  3886 | D:5      | XOM: divination: magic mapping
  3896 | D:5      | XOM: silly message
  4037 | D:4      | XOM: silly message
  4165 | D:5      | Found a broken altar of Ashenzari.
  4171 | D:5      | Noticed Duvessa
  4172 | D:5      | Noticed Dowan
  4176 | D:5      | XOM: silly message
  4179 | D:5      | XOM: divination: detect items
  4183 | D:5      | Killed Dowan
  4186 | D:5      | Killed Duvessa
  4396 | D:5      | Upgraded the game from 0.28-a0-29-g0adfcbbeba to
                  | 0.28-a0-43-g560ac104fe
  4413 | D:5      | XOM: scenery: 1 doors close
  4447 | D:5      | Noticed Blork the orc
  4450 | D:5      | XOM: summons friendly ufetubus
  4455 | D:5      | Killed Blork the orc
  4516 | D:5      | XOM: destruction
  4527 | D:5      | XOM: scenery: 3 doors close
  4542 | D:5      | XOM: polymorph jackal -> endoplasm
  4557 | D:5      | XOM: 6-stop teleportation journey
  4769 | D:5      | Reached XP level 8. HP: 69/73 MP: 8/8
  4911 | D:5      | Reached skill level 4 in Dodging
  4962 | D:5      | XOM: give mutations
  4962 | D:5      | Gained mutation: You are frail. (-10% HP) [Xom's mischief]
  4962 | D:5      | Gained mutation: Your tail ends in a poisonous barb. [Xom's
                  | mischief]
  4999 | D:5      | XOM: confuse monster(s)
  5075 | D:5      | XOM: 5-stop teleportation journey
  5241 | D:5      | XOM: give mutations
  5241 | D:5      | Gained mutation: You passively dampen the noise of your
                  | surroundings. [Xom's grace]
  5241 | D:5      | Gained mutation: A frigid envelope surrounds you and
                  | freezes all who hurt you. [Xom's grace]
  5241 | D:5      | Gained mutation: Your system is resistant to poisons.
                  | (rPois) [Xom's grace]
  5496 | D:6      | Found a shimmering altar of Xom.
  5564 | D:6      | Reached skill level 1 in Evocations
  5707 | D:6      | XOM: god gift: 23 stones
  5767 | D:6      | XOM: cloud trail
  5809 | D:6      | XOM: 1-stop teleportation journey
  5824 | D:6      | Reached skill level 1 in Polearms
  5932 | D:6      | Found an ornate altar of the Wu Jian Council.
  6175 | D:6      | XOM is BORED!
  6175 | D:6      | XOM: noise
  6190 | D:6      | XOM: confuse monster(s)
  6216 | D:6      | XOM: silly message
  6832 | D:7      | Found a flagged portal.
  6845 | D:7      | Reached XP level 9. HP: 57/71 MP: 10/10
  6856 | D:7      | XOM: summons friendly shadow imp
  7108 | Bailey   | Entered a bailey
  7232 | Bailey   | XOM: swap monsters
  7463 | Bailey   | XOM: summons 1 hostile shadow creature
  7731 | Bailey   | XOM: scenery: 1 fountains blood, 1 doors close
  7749 | Bailey   | XOM: butterfly on damage
  7750 | Bailey   | Reached skill level 5 in Dodging
  8165 | Bailey   | XOM: give mutations
  8165 | Bailey   | Gained mutation: Your muscles are strong. (Str +2) [Xom's
                  | grace]
  8165 | Bailey   | Gained mutation: You have sharp toenails. [Xom's grace]
  8320 | Bailey   | XOM: summons 6 friendly demons
  8447 | Bailey   | XOM is BORED!
  8447 | Bailey   | XOM: give mutations
  8447 | Bailey   | Lost mutation: Your muscles are strong. (Str +2) [Xom's
                  | mischief]
  8447 | Bailey   | Gained mutation: Your spells are a little easier to cast,
                  | but a little less powerful. [Xom's mischief]
  8675 | Bailey   | XOM: enchant monster (good)
  8677 | Bailey   | XOM: polymorph centaur -> worm
  8680 | Bailey   | XOM: divination: detect items
  8705 | Bailey   | XOM: fog
  8736 | Bailey   | XOM: divination: detect items
  9016 | Bailey   | Reached skill level 5 in Polearms
  9020 | Bailey   | XOM: smoke on damage
  9060 | Bailey   | XOM: fog
  9068 | Bailey   | XOM: scenery: 3 fountains blood, 3 doors close
  9074 | Bailey   | XOM: give mutations
  9074 | Bailey   | Gained mutation: You are strong-willed. (Will+) [Xom's
                  | grace]
  9074 | Bailey   | Gained mutation: Your flesh is very cold resistant. (rC++)
                  | [Xom's grace]
  9389 | Bailey   | XOM: scenery: 3 doors close
  9514 | Bailey   | XOM: god gift: 44 gold pieces
  9542 | Bailey   | Reached skill level 6 in Dodging
  9710 | Bailey   | XOM: summons friendly white imp
  9748 | Bailey   | XOM: give mutations
  9748 | Bailey   | Gained mutation: Your tail ends in a sharp poisonous barb.
                  | [Xom's grace]
  9748 | Bailey   | Gained mutation: You expend magic power (3 MP) to
                  | strengthen your wands. [Xom's grace]
  9748 | Bailey   | Gained mutation: You have a pair of small horns on your
                  | head. [Xom's grace]
  9748 | Bailey   | Gained mutation: You have a pair of horns on your head.
                  | [Xom's grace]
  9863 | Bailey   | Reached skill level 10 in Dodging
  9863 | Bailey   | Reached XP level 10. HP: 81/81 MP: 11/11
 10022 | Bailey   | XOM: scenery: 1 fountains blood, 3 doors close
 10222 | D:7      | XOM: god gift: 4 atropa-tipped darts
 10291 | D:7      | Found a large runed translucent door.
 10291 | D:7      | Found a large runed translucent door.
 10294 | D:7      | Noticed Tutankhamun's ghost (novice TrBe)
 10697 | D:8      | Noticed a cyan ugly thing
 10704 | D:8      | Killed a cyan ugly thing
 10738 | D:8      | Reached XP level 11. HP: 66/89 MP: 12/12
 10740 | D:8      | Reached skill level 11 in Dodging
 11047 | D:5      | XOM: divination: detect items
 11101 | Temple   | Entered the Ecumenical Temple
 11139 | Temple   | XOM: silly message
 11386 | D:8      | XOM is BORED!
 11386 | D:8      | XOM: silly message
 11405 | D:8      | Noticed Harold
 11413 | D:8      | XOM: silly message
 11445 | D:7      | XOM: potion effect (curing)
 11454 | D:7      | Killed Harold
 11455 | D:7      | Reached skill level 10 in Fighting
 11741 | D:8      | XOM is BORED!
 11741 | D:8      | XOM: 6-stop teleportation journey
 11742 | D:8      | Noticed a two-headed ogre
 11747 | D:8      | Killed a two-headed ogre
 11761 | D:8      | HP: 3/90 [orc warrior (8)]
 11762 | D:8      | Slain by a wyvern zombie

Illustrated notes

Levels and vault maps discovered:
D:1:      amcnicky_arrival_feature_with_door, layout_loops_ring,
          shapermc_ecumenical_altar_notcrosses, serial_shops, shop, shop,
          minmay_pentomino_w2
D:2:      layout_basic
D:3:      layout_basic, serial_shops, nicolae_square_shop, interstate_on_off,
          minmay_crystal_water, uniq_purgy, uniq_sigmund
D:4:      layout_rooms, temple_hall, serial_shops, shop
D:5:      layout_gridville, mainiacjoe_overflow_surrounded_room,
          nicolae_overflow_hidden_temple, ashenzari_altar_1,
          serial_bayou_pond_d, uniq_duvessa, uniq_blork_the_orc
D:6:      layout_basic, overflow_temple_1_default, marbit_many_paths
D:7:      layout_rooms, enter_bailey_5, ebering_ghost_disaster_area
D:8:      kennysheep_ambush_hall, layout_basic, uniq_harold
Temple:   eino_temple_scatter_basement

Skill      XL: |  1  2  3  4  5  6  7  8  9 10 11 |
---------------+----------------------------------+-----
Fighting       | 4 5 7 8 9 10 | 10.2
Maces & Flails | 2 3 4 5 7 |  7.0
Dodging        | 3 4 10 11 | 11.1
Evocations     | 1 |  1.8
Polearms       | 2 5 6 |  6.8
Long Blades    | |  3.5
Spellcasting   | |  0.6

Action                   |  1- 3 |  4- 6 |  7- 9 | 10-12 || total
-------------------------+-------+-------+-------+-------++-------
Melee: Falchion          |     7 |       |       |       ||     7
       Whip              |    67 |   108 |    87 |       ||   262
       Tailslap          |     3 |     7 |    20 |     8 ||    38
       Spear             |       |       |   318 |    68 ||   386
       Kick              |       |       |       |    18 ||    18
       Headbutt          |       |       |       |     9 ||     9
 Cast: Wereblood         |       |       |     1 |       ||     1
 Abil: Breathe Frost     |       |       |    14 |     2 ||    16
Evoke: Wand              |       |       |    12 |       ||    12
       Condenser vane    |       |       |       |     1 ||     1
  Use: Scroll            |       |     3 |     9 |     3 ||    15
       Potion            |       |     2 |     3 |     1 ||     6
 Stab: Sleeping          |     1 |       |     2 |       ||     3
       Distracted        |       |       |     1 |       ||     1
Armor: Skin              |    19 |    28 |    65 |     8 ||   120
Dodge: Dodged            |    48 |    82 |   382 |    61 ||   573
       Rpst.: Falchion   |     2 |       |       |       ||     2

Table legend: (Time is in decaauts)
 A = Elapsed time spent in this place.
 B = Non-inter-level travel time spent in this place.
 C = Inter-level travel time spent in this place.
 D = Time resting spent in this place.
 E = Time spent auto-exploring this place.
 F = Levels seen in this place.
 G = Mean time per level.
                   A        B        C        D        E       F      G
               +--------+--------+--------+--------+--------+-----+--------+
         Total |  11752 |  11254 |    498 |   2934 |   6086 |  10 | 1175.2 |
       Dungeon |   8611 |   8132 |    479 |   1388 |   5529 |   8 | 1076.4 |
        Temple |    157 |    139 |     18 |      0 |    138 |   1 |  157.0 |
        Bailey |   2983 |   2983 |      0 |   1546 |    418 |   1 | 2983.0 |
               +--------+--------+--------+--------+--------+-----+--------+

Top non-repeatable levels by time:
  Bailey: 2983 daAuts
     D:5: 1629 daAuts
     D:7: 1391 daAuts
     D:6: 1239 daAuts
     D:2: 1097 daAuts
     D:4: 1043 daAuts
     D:1: 941 daAuts
     D:3: 873 daAuts
     D:8: 394 daAuts
  Temple: 157 daAuts
